 Dungeon Crawl Stone Soup version 0.22-a0-362-g535178c (webtiles) character file.

54 Amnesiac the Digger (level 3, 0/24 HPs)
             Began as a Mummy Earth Elementalist on Apr 20, 2018.
             Slain by a gnoll
             ... wielding a +0 halberd
              (3 damage)
             ... on level 3 of the Dungeon.
             The game lasted 00:01:55 (1148 turns).

Amnesiac the Digger (Mummy Earth Elementalist)      Turns: 1148, Time: 00:01:56

Health: 0/24       AC:  2    Str: 11    XL:     3   Next: 66%
Magic:  3/7        EV: 12    Int: 15    God:
Gold:   73         SH:  0    Dex: 12    Spells: 5/8 levels left

rFire    . . .     SeeInvis .   h - +0 dagger
rCold    + . .     Gourm    .   (no shield)
rNeg     + + +     Faith    .   c - +0 robe
rPois    ∞         Spirit   .   (no helmet)
rElec    .         Reflect  .   (no cloak)
rCorr    .         Harm     .   (no gloves)
MR       .....                  (no boots)
Stlth    ++........             (no amulet)
HPRegen  0.08/turn              f - ring of protection from fire
MPRegen  0.10/turn              (no ring)

@: no status effects
A: no food or potions, fire vulnerability, cold resistance 1, negative energy
resistance 3, torment resistance, unbreathing
a: no special abilities


You were on level 3 of the Dungeon.
You were not hungry.

You visited 1 branch of the dungeon, and saw 4 of its levels.

You collected 73 gold pieces.

Inventory:

Hand Weapons
 h - a +0 dagger (weapon)
Missiles
 b - 24 stones (quivered)
Armour
 c - a +0 robe (worn)
 d - a cursed +0 shield
Jewellery
 f - a ring of protection from fire (left hand)
Scrolls
 a - 2 scrolls of identify {!r, unknown}
 e - 2 scrolls of remove curse {!r, unknown}
 g - a scroll of amnesia {!r, unknown}


   Skills:
 - Level 1.5 Dodging
 - Level 1.5 Stealth
 + Level 3.4 Spellcasting
 - Level 0.7 Transmutations
 * Level 3.5 Earth Magic


You had 5 spell levels left.
You knew the following spells:

 Your Spells              Type           Power        Failure   Level  Hunger
a - Sandblast             Erth           ##....       4%          1    N/A
b - Passwall              Tmut/Erth      #.........   12%         2    N/A

Dungeon Overview and Level Annotations

Branches:
Dungeon (4/15)
 Temple: D:4-7

Altars:


Innate Abilities, Weirdness & Mutations

You do not eat or drink.
Your flesh is vulnerable to fire.
You are immune to poison.
Your flesh is cold resistant. (rC+)
You are immune to negative energy. (rN+++)
You are immune to unholy pain and torment.
You can survive without breathing.


Message History

b - 28 stones The orc wizard shouts!
The orc hits you with a club.
Casting: Sandblast (safe; 4% risk of failure)
Confirm with . or Enter, or press ? or * to list all spells.
Aiming: Sandblast (safe; 4% risk of failure)
Press: ? - help, Shift-Dir - straight line, f/p - orc
Aim: an orc, wielding a club and wearing a scale mail (lightly wounded)
The blast of sand hits the orc.
The orc is lightly wounded.
b - 27 stones An orc comes into view. It is wielding a flail.
The orc wizard mumbles some strange words.
The orc wizard blinks!
The orc hits you with a club.
You hear a shout!
Casting: Sandblast (safe; 4% risk of failure)
Confirm with . or Enter, or press ? or * to list all spells.
You can't see any susceptible monsters within range! (Use Z to cast anyway.)
Casting: Sandblast (safe; 4% risk of failure)
Confirm with . or Enter, or press ? or * to list all spells.
You can't see any susceptible monsters within range! (Use Z to cast anyway.)
The orc wizard mumbles some strange words.
The orc wizard blinks!
Casting: Sandblast (safe; 4% risk of failure)
Confirm with . or Enter, or press ? or * to list all spells.
Aiming: Sandblast (safe; 4% risk of failure)
Press: ? - help, Shift-Dir - straight line, f/p - orc
Aim: an orc, wielding a club and wearing a scale mail The blast of sand hits the orc.
The orc is lightly wounded.
b - 26 stones
Casting: Sandblast (safe; 4% risk of failure)
Confirm with . or Enter, or press ? or * to list all spells.
Aiming: Sandblast (safe; 4% risk of failure)
Press: ? - help, Shift-Dir - straight line, f/p - orc
Aim: an orc, wielding a club and wearing a scale mail (lightly wounded)
The blast of sand hits the orc.
The orc is moderately wounded.
b - 25 stones
Casting: Sandblast (safe; 4% risk of failure)
Confirm with . or Enter, or press ? or * to list all spells.
Aiming: Sandblast (safe; 4% risk of failure)
Press: ? - help, Shift-Dir - straight line, f/p - orc
Aim: an orc, wielding a club and wearing a scale mail (moderately wounded)
The blast of sand hits the orc.
The orc is moderately wounded.
b - 24 stones The orc hits you with a club.
The orc wizard casts a spell.
The orc wizard seems to speed up.
There is a stone staircase leading up here.
The orc closely misses you.
The orc wizard mumbles some strange words.
The orc wizard blinks!
You climb upwards.
The gnoll closely misses you. x2
There is a stone staircase leading down here.
The orc hits you with a club.
The gnoll hits you from afar with a halberd!
Ouch! That really hurt!
* * * LOW HITPOINT WARNING * * *
The jackal barks!
The orc closely misses you.
The gnoll hits you from afar with a halberd.
You die...

........#.#....#
........)......#
####...##.....#
#..........##
########.........#.#
..........###......#
#############..#.#.#
............#.#
########...@# #....#
#.go.# #.....#>#
......#### ....h...
...h.... .≈≈≈≈≈≈≈
.≈≈≈≈≈≈


You could see a gnoll, an orc and 2 jackals.

Vanquished Creatures
  A gnoll (D:2)
  An ooze (D:2)
  2 worms
  2 dart slugs (D:1)
  3 bats
  A giant cockroach (D:1)
  4 goblins
  5 hobgoblins
  A frilled lizard (D:1)
  6 kobolds
  2 rats
28 creatures vanquished.

Notes
Turn   | Place    | Note
-------+----------+-------------------------------------------
     0 | D:1      | Amnesiac the Mummy Earth Elementalist began the quest for the Orb.
     0 | D:1      | Reached XP level 1. HP: 13/13 MP: 4/4
   222 | D:1      | Reached XP level 2. HP: 19/19 MP: 3/5
   236 | D:1      | Learned a level 2 spell: Passwall
   387 | D:1      | Reached XP level 3. HP: 15/24 MP: 3/7
  1148 | D:3      | Slain by a gnoll

Vault maps used:
D:1:      dpeg_arrival_signposts
D:2:      first_ration
D:3:      lemuel_castle_with_subvaults, xom_teletrap_fun
D:4:      serial_shops, shop, shop, shop_statue, nicolae_shop_waterfront

Skill      XL: |  1  2 |
---------------+-------+-----
Earth Magic    | 3 |  3.5
Spellcasting   | 3 |  3.4
Dodging        | |  1.5
Stealth        | |  1.5
Transmutations | |  0.7

Action                   || total
-------------------------++-------
Melee: Unarmed           ||     5
 Cast: Sandblast         ||    54
Armor: Robe              ||    12
Dodge: Dodged            ||    39

Table legend:
 A = Spawn XP
 B = Non-spawn XP
 C = Spawn XP percentage of total XP
 D = Spawn monster count
 E = Non-spawn monster count
 F = Spawn count percentage of total count
 G = Total turns spent on level
                    A         B        C        D         E        F      G
               +---------+---------+-------+---------+---------+-------+---------
         Total |       0 |      78 |   0.0 |       0 |      28 |   0.0 |  1148
               +---------+---------+-------+---------+---------+-------+---------
           D:1 |       0 |      28 |   0.0 |       0 |      14 |   0.0 |   842
           D:2 |       0 |      43 |   0.0 |       0 |      12 |   0.0 |   203
           D:3 |       0 |       7 |   0.0 |       0 |       2 |   0.0 |    73
               +---------+---------+-------+---------+---------+-------+---------
